 Dungeon Crawl Stone Soup version 0.13-a0-2116-g5cefd36 (webtiles) character file.

160 Kae the Firebug (level 3, -2/19 HPs)
             Began as a Tengu Fire Elementalist on June 27, 2013.
             Slain by Crazy Yiuf
             ... wielding a +2,+4 quarterstaff of chaos
              (10 damage)
             ... on Level 2 of the Dungeon.
             The game lasted 00:02:34 (2079 turns).

Kae the Firebug (Tengu Fire Elementalist)           Turns: 2079, Time: 00:02:34

HP  -2/19        AC  2     Str  8      XL: 3   Next: 95%
MP   1/7         EV 12     Int 16      God:
Gold 104         SH  0     Dex 14      Spells:  2 memorised,  1 level left

Res.Fire  : . . .   See Invis. : .   (no weapon)
Res.Cold  : . . .   Warding    : .   a - +0 robe
Life Prot.: . . .   Conserve   : .   (no shield)
Res.Poison: .       Res.Corr.  : .   (helmet restricted)
Res.Elec. : .       Clarity    : .   (no cloak)
Sust.Abil.: . .     Spirit.Shd : .   (no gloves)
Res.Mut.  : .       Stasis     : .   (boots unavailable)
Res.Rott. : .       Flight     : .   (no amulet)
Saprovore : . . .                    (no ring)
                                     (no ring)

@: very slightly contaminated, not resistant to hostile enchantments, fairly
stealthy
A: beak, talons 3
a: no special abilities


You were on level 2 of the Dungeon.
You were not hungry.

You visited 1 branch of the dungeon, and saw 2 of its levels.

You collected 84 gold pieces.

Inventory:

Armour
 a - a +0 robe (worn)
Comestibles
 c - a bread ration
 g - 2 meat rations
 h - an apple
Scrolls
 e - a scroll of enchant weapon II {unknown}
 f - a scroll of recharging {unknown}
 j - a scroll of blinking {unknown}
 m - a scroll of fear {unknown}
Potions
 d - a potion of heal wounds {unknown}
 i - a potion of might {unknown}
 k - a potion of experience {unknown}
 l - a potion of restore abilities {unknown}
 n - a potion of magic {unknown}
Books
 b - a book of Flames

   Spells                             Type                      Level
   *Flame Tongue                      Conjuration/Fire             1
   Throw Flame                        Conjuration/Fire             2
   *Conjure Flame                     Conjuration/Fire             3
   Inner Flame                        Hexes/Fire                   3
   Sticky Flame                       Conjuration/Fire             4
   Fireball                           Conjuration/Fire             5


   Skills:
 - Level 2.1 Dodging
 - Level 2.0 Stealth
 + Level 1.5 Spellcasting
 * Level 3.1 Conjurations
 * Level 4.2 Fire Magic


You had one spell level left.
You knew the following spells:

 Your Spells              Type           Power        Failure   Level  Hunger
a - Flame Tongue          Conj/Fire      ##...        6%          1    ##.....
b - Conjure Flame         Conj/Fire      ##......     14%         3    ####...


Dungeon Overview and Level Annotations

Branches:
Dungeon (2/27)

Altars:

Annotations
D:2 Crazy Yiuf


Innate Abilities, Weirdness & Mutations

You have a beak for a mouth.
You have claws for feet.


Message History

Crazy Yiuf is moderately wounded.
Crazy Yiuf cries, "Castle disdain pontify!"
Crazy Yiuf hits you with a quarterstaff of chaos!
Crazy Yiuf freezes you.
Casting: Flame Tongue
Confirm with . or Enter, or press ? or * to list all spells.
Aiming: Flame Tongue
Press: ? - help, Shift-Dir - straight line, f/p - Crazy Yiuf
Aim: Crazy Yiuf, wielding a quarterstaff of chaos and wearing a cloak (moderately wounded)
You miscast Flame Tongue.
Sparks fly from your hands!
Casting: Flame Tongue
Confirm with . or Enter, or press ? or * to list all spells.
Aiming: Flame Tongue
Press: ? - help, Shift-Dir - straight line, f/p - Crazy Yiuf
Aim: Crazy Yiuf, wielding a quarterstaff of chaos and wearing a cloak (moderately wounded)
You miscast Flame Tongue.
Nothing appears to happen.
Crazy Yiuf says, "Race foot disdain!"
Crazy Yiuf hits you with a quarterstaff of chaos!
Ouch! That really hurt!
You die...

####....## #).
###### #.###
##....##### #..
#.... #.......<.# ..
##### #...[%....#
#.# #...).[...# ♣.♣♣
### #.........#
♣♣.♣♣♣######## #..
#.......>.#
♣♣.♣♣♣#......####..
#.........#
♣♣♣♣g♣♣######...)'..
#.........# ♣♣♣♣@♣♣♣
######.. #.........#
♣♣♣...♣♣ #..
#.........# ♣♣....♣♣
#.. #####.#####
##....## ##. #..##
#....### ##. ##..##
#...##.# #.. ##..#
##.....# #..
########'### ####..#
#.. #..........#
#.## #..


You could see Crazy Yiuf.

Vanquished Creatures
  2 adders (D:2)
  A giant gecko (D:1)
  4 bats (D:2)
  2 giant cockroaches (D:1)
  5 goblins
  4 hobgoblins
  A quokka (D:2)
  5 giant newts
  6 kobolds
  7 rats
37 creatures vanquished.

Notes
Turn   | Place    | Note
--------------------------------------------------------------
     0 | D:1      | Kae, the Tengu Fire Elementalist, began the quest for the Orb.
     0 | D:1      | Reached XP level 1. HP: 10/10 MP: 3/3
     3 | D:1      | Noticed a shark
     3 | D:1      | Noticed a shark
   402 | D:1      | Reached XP level 2. HP: 13/15 MP: 3/5
  1065 | D:2      | Reached XP level 3. HP: 8/19 MP: 7/7
  1642 | D:2      | Reached skill level 4 in Fire Magic
  2067 | D:2      | Noticed Crazy Yiuf
  2072 | D:2      | Learned a level 3 spell: Conjure Flame
  2079 | D:2      | Slain by Crazy Yiuf

Action                   || total
-------------------------++-------
Melee: Unarmed           ||    32
 Cast: Flame Tongue      ||    60
 Stab: Distracted        ||     1
       Sleeping          ||     2
